[ AOE2 MATCH · #506715588 ]
UnrankedSpanish vs Persians
Player's team · WIN
Rival team · LOSS
[ REPLAY ANALYSIS · EXTRACTED FROM THE RECORDED GAME ]
Feudal
—
Castle
—
Imperial
—
| APM avg | 47.2 |
| APM peak | 65 |
| eAPM avg | 16.2 |
| Villagers / military | 15 / 0 |
Focus
⚔️ 23.2% · 🌾 76.8%
Feudal
—
Castle
—
Imperial
—
| APM avg | 50.5 |
| APM peak | 132 |
| eAPM avg | 23.9 |
| Villagers / military | 11 / 0 |
Focus
⚔️ 8.1% · 🌾 91.9%
Match map
Initial resources + every placement click. Lines = walls · curves = elevation contours. ◆ gold · ⬟ stone · ● berries · ✦ relic · ◌ wall gap
Your base
Papapishu8352's base
Smoothed initial terrain · ◌ = detected wall gap · hover for details
Inputs per minute
— Caraxes the Blood Wyrm - - Papapishu8352
Build order — Caraxes the Blood Wyrm
24 actions detected in the replay
| 0:01 | Queue | Villager (Male) |
| 0:02 | Queue | Villager (Male) |
| 0:02 | Queue | Villager (Male) |
| 0:02 | Queue | Villager (Male) |
| 0:04 | Build | House |
| 0:09 | Build | House |
| 1:36 | Queue | Villager (Male) |
| 1:59 | Queue | Villager (Male) |
| 2:23 | Queue | Villager (Male) |
| 2:57 | Queue | Villager (Male) |
| 3:12 | Build | Lumber Camp |
| 3:19 | Queue | Villager (Male) |
| 4:02 | Build | Mill |
| 4:05 | Queue | Villager (Male) |
| 4:26 | Queue | Villager (Male) |
| 4:28 | Queue | Villager (Male) |
| 4:32 | Build | House |
| 4:35 | Build | House |
| 5:21 | Queue | Villager (Male) |
| 7:04 | Build | House |
| 7:08 | Build | House |
| 7:16 | Build | Palisade Wall |
| 7:30 | Queue | Villager (Male) |
| 7:31 | Queue | Villager (Male) |
Build order — Papapishu8352
16 actions detected in the replay
| 0:00 | Queue | Villager (Male) |
| 0:01 | Queue | Villager (Male) |
| 0:01 | Queue | Villager (Male) |
| 0:04 | Build | House |
| 0:16 | Queue | Villager (Male) |
| 0:16 | Queue | Villager (Male) |
| 1:33 | Queue | Villager (Male) |
| 2:22 | Research | Loom |
| 2:46 | Queue | Villager (Male) |
| 2:47 | Queue | Villager (Male) |
| 3:15 | Queue | Villager (Male) |
| 4:32 | Queue | Villager (Male) |
| 5:07 | Build | Palisade Wall |
| 5:08 | Build | Palisade Wall |
| 5:15 | Queue | Villager (Male) |
| 5:47 | Build | Town Center |
Match timeline
| 5:07 | Papapishu8352 · wall_segment Palisade Wall x1 |
| 5:08 | Papapishu8352 · wall_segment Palisade Wall x1 |
| 7:16 | Caraxes the Blood Wyrm · wall_segment Palisade Wall x3 |
| 7:38 | Papapishu8352 · resign |
[ AI ANALYSIS · 1 CREDIT ]
What really happened in this match?
Wolo.gg analyzes every decision: build order, eco, micro, common mistakes by bracket. Personalized analysis on WhatsApp or Discord in 30 seconds.
Civ guide
Spanish
Perfil
Caraxes the Blood Wyrm